 Dungeon Crawl Stone Soup version 0.27.0-1-g7a089689b8 (webtiles) character file.

Game seed: 15393969462961158285

52 Crownlay the Shield-Bearer (level 3, 0/31 HPs)
             Began as a Hill Orc Fighter on Aug 12, 2021.
             Succumbed to an adder's poison
             ... on level 3 of the Dungeon.
             The game lasted 00:02:10 (2014 turns).

Crownlay the Shield-Bearer (Hill Orc Fighter)       Turns: 2014, Time: 00:02:10

Health: 0/31       AC:  6    Str: 19    XL:     3   Next: 85%
Magic:  3/3        EV:  9    Int:  8    God:
Gold:   97         SH:  0    Dex: 10    Spells: 2/2 levels left

rFire    . . .     SeeInvis .   a - +0 long sword
rCold    . . .     Faith    .   (no shield)
rNeg     . . .     Spirit   .   b - +0 scale mail
rPois    .         Reflect  .   (no helmet)
rElec    .         Harm     .   (no cloak)
rCorr    .         Rampage  .   (no gloves)
Will     .....                  (no boots)
Stlth    ..........             (no amulet)
HPRegen  0.10/turn              (no ring)
MPRegen  0.08/turn              (no ring)

@: mighty, lethally poisoned (0 -> -5)
A: no striking features
a: no special abilities


You were on level 3 of the Dungeon.
You visited 1 branch of the dungeon, and saw 3 of its levels.

You collected 97 gold pieces.

Inventory:

Hand Weapons
 a - a +0 long sword (weapon)
Armour
 b - a +0 scale mail (worn)
 c - a +0 kite shield
Scrolls
 e - a scroll of noise {unknown}
 h - a scroll of silence {unknown}
 i - a scroll of immolation {unknown}
 k - a scroll of magic mapping {unknown}
Potions
 d - 2 potions of might
 f - a potion of brilliance {unknown}
 g - 2 potions of curing {unknown}
 j - a potion of haste {unknown}


   Skills:
 - Level 3.6 Fighting
 - Level 2.1 Long Blades
 - Level 3.2 Armour
 + Level 5.1 Shields


You had 2 spell levels left.
You didn't know any spells.
Your spell library was empty.

Dungeon Overview and Level Annotations

Branches:
Dungeon (3/15)

Altars:

Shops:
D:1 (


Message History

The adder zombie is lightly damaged.
The adder zombie bites you but does no damage.
The adder bites you but does no damage.
A hobgoblin comes into view.
The adder zombie bites you but does no damage.
You slash the adder zombie!
The adder zombie is severely damaged.
The adder bites you but does no damage. x2
The adder zombie bites you but does no damage.
You hit the adder zombie.
You destroy the adder zombie!
The adder barely misses you. x2
You closely miss the adder. The adder barely misses you.
You slash the adder!
The adder is severely wounded.
The adder bites you.
You are poisoned.
The adder poisons you! The adder bites you.
You feel very mighty all of a sudden.
You feel sick. The adder bites you but does no damage.
You closely miss the adder.
The adder is severely wounded.
You feel sick. The adder bites you.
You are more poisoned.
The adder poisons you! The adder bites you.
* * * LOW HITPOINT WARNING * * *
You miss the adder.
The adder is severely wounded.
* * * LOW HITPOINT WARNING * * *
You feel sick. The adder misses you.
You riposte.
You miss the adder.
The adder is severely wounded.
The adder closely misses you.
You slash the adder!
You kill the adder!
* * * LOW HITPOINT WARNING * * *
You feel sick.
Your Shields skill increases to level 5!
You slash the hobgoblin!
You kill the hobgoblin!
You die...

.. ..... #. #. ....
#. #. ... #.##. ..
# ##.... .# ## ...
#.....###.# =#...
#...##...###..#
#..#.#...#
#.##.###@#
#..##..#)#
#...##..#..#.
#...##.###.#.#
##...#..#.##.#
#....##...#.# ##
#..###.#.#.##.
#.../.#.....###....
....##.............


There were no monsters in sight!

Vanquished Creatures
  2 adders
  An adder zombie (D:3)
  An orc (D:3)
  5 bats
  6 endoplasms
  2 giant cockroaches
  3 hobgoblins
  2 quokkas
  A frilled lizard (D:1)
  A goblin (D:1)
  2 kobolds (D:2)
  4 rats
30 creatures vanquished.

Vanquished Creatures (others)
  3 fungi (D:2)
3 creatures vanquished.

Grand Total: 33 creatures vanquished

Notes
Turn   | Place    | Note
-------+----------+-------------------------------------------
     0 | D:1      | Crownlay the Hill Orc Fighter began the quest for the Orb.
     0 | D:1      | Reached XP level 1. HP: 19/19 MP: 1/1
    52 | D:1      | Found Rivyora's Weapon Emporium.
   312 | D:1      | Reached XP level 2. HP: 26/26 MP: 2/2
   430 | D:1      | Reached skill level 4 in Shields
  1302 | D:2      | Reached XP level 3. HP: 31/31 MP: 3/3
  1792 | D:2      | Found a faded altar of an unknown god.
  2014 | D:3      | Reached skill level 5 in Shields
  2014 | D:3      | Succumbed to an adder's poison

Illustrated notes

Levels and vault maps discovered:
D:1:      enne_arrival_octagon_isle, layout_basic, serial_shops, shop,
          serial_co_window_serial, co_window_paths_b, co_window_corner_a,
          co_window_corner_a, co_window_paths_a, co_window_paths_a,
          co_window_corner_cb, co_window_of_opportunity_b, co_window_corner_b,
          co_window_corner_b, co_window_cross_2, co_window_sun, glass_columns_b,
          glass_columns_b
D:2:      layout_loops_ring, shapermc_ecumenical_altar_petra
D:3:      layout_loops_ring, minmay_pentomino_pile, uniq_grinder, uniq_jessica

Skill      XL: |  1  2  3 |
---------------+----------+-----
Shields        | 4 5 |  5.1
Fighting       | |  3.6
Long Blades    | |  2.1
Armour         | |  3.2

Action                   || total
-------------------------++-------
Melee: Long sword        ||    93
  Use: Potion            ||     1
Armor: Scale mail        ||    39
Dodge: Dodged            ||    46
       Rpst.: Long sword ||    14
